 Dungeon Crawl Stone Soup version 0.30.1-11-g7821555f0a (webtiles) character file.

Game seed: 7347858358721095756

55219 booth the Severer (level 14, -3/133 HPs)
             Began as a Minotaur Fighter on Jan 11, 2024.
             Was the Champion of Okawaru.
             Killed from afar by an acid blob (15 damage)
             ... with a splash of acid
             ... on level 5 of the Lair of Beasts on Jan 12, 2024.
             The game lasted 01:42:39 (15614 turns).

booth the Severer (Minotaur Fighter)               Turns: 15614, Time: 01:42:40

Health: -3/133     AC: 10    Str: 33    XL:     14   Next: 37%
Magic:  21/21      EV:  9    Int:  7    God:    Okawaru [******]
Gold:   685        SH:  5    Dex: 12    Spells: 13/13 levels left

rFire   + + .        N - +7 battleaxe of Dozog {elec, rF+ Str+2}
rCold   . . .        (shield currently unavailable)
rNeg    . . .        o - +2 chain mail
rPois   .            K - +2 hat
rElec   .            q - +2 cloak {Will+}
rCorr   .            M - +2 pair of gloves
SInv    .            I - +1 pair of boots of Ramavah {Will+ Dex+3 Stlth+}
Will    +++++        i - amulet of reflection Stlth
                     O - ring of Lucidity {rF+ Will++ Str+6}
HPRegen 0.42/turn    g - +4 ring of slaying
MPRegen 0.17/turn

%: reflection
@: corroded, studying Throwing
A: horns 2, retaliatory headbutt
a: Renounce Religion, Heroism, Finesse, Duel


You were on level 5 of the Lair of Beasts.
You worshipped Okawaru.
Okawaru was exalted by your worship.
You visited 2 branches of the dungeon, and saw 16 of its levels.
You also visited: Sewer.

You collected 941 gold pieces.
You spent 256 gold pieces at shops.

Inventory:

Hand Weapons
 a - a +6 war axe of freezing
 y - the +9 mace of Watchfulness {flame, rElec Str+2}
   (You found it on level 3 of the Dungeon)

   Str:       It affects your strength (+2).
   rElec:     It insulates you from electricity.
 N - the +7 battleaxe of Dozog (weapon) {elec, rF+ Str+2}
   (Okawaru gifted it to you on level 4 of the Lair of Beasts)

   Str:       It affects your strength (+2).
   rF:        It protects you from fire.
Missiles
 m - 30 poisoned darts
 C - 4 silver javelins
 E - 8 boomerangs (quivered)
 L - 5 curare-tipped darts
Armour
 c - a +0 buckler
 o - a +2 chain mail (worn)
 q - a +2 cloak of willpower (worn)
 I - the +1 pair of boots of Ramavah (worn) {Will+ Dex+3 Stlth+}
   (You acquired it on level 5 of the Dungeon)

   Dex:       It affects your dexterity (+3).
   Will:      It increases your willpower.
   Stlth:     It makes you more stealthy.
 K - a +2 hat (worn)
 M - a +2 pair of gloves (worn)
Jewellery
 g - a +4 ring of slaying (right hand)
 i - an amulet of reflection (around neck)
 n - an amulet of the acrobat
 s - a ring of resist corrosion
 O - the ring of Lucidity (left hand) {rF+ Will++ Str+6}
   (You acquired it on level 9 of the Dungeon)

   [ring of strength]

   Str:       It affects your strength (+6).
   rF:        It protects you from fire.
   Will:      It greatly increases your willpower.
Wands
 v - a wand of flame (20)
 z - a wand of iceblast (13)
 A - a wand of digging (7)
 F - a wand of mindburst (23)
 H - a wand of polymorph (19)
 J - a wand of acid (5)
Scrolls
 e - 4 scrolls of teleportation
 f - 2 scrolls of poison
 l - a scroll of magic mapping
 G - 2 scrolls of fog
 P - a scroll of identify
 Q - a scroll of brand weapon
Potions
 b - 6 potions of curing
 d - 6 potions of might
 h - 4 potions of cancellation
 j - a potion of invisibility
 k - 2 potions of flight
 p - 3 potions of magic
 r - 3 potions of brilliance
 t - a potion of mutation
 u - 4 potions of resistance
 w - 2 potions of haste
 x - a potion of ambrosia
 B - 2 potions of attraction
 D - 4 potions of lignification


   Skills:
 + Level 14.4 Fighting
 + Level 15.7 Axes
 + Level 12.4 Throwing
 + Level 12.8 Armour
 - Level 3.8 Shields
 + Level 11.8 Invocations


You had 13 spell levels left.
You didn't know any spells.
Your spell library contained the following spells:

 Spells                   Type           Power      Damage    Failure   Level
 Inner Flame              Hex/Fire       0%         N/A       98%         3
 Stone Arrow              Conj/Erth      0%         3d7       98%         3
 Flame Wave               Conj/Fire      0%         2d4       100%        4
 Olgreb's Toxic Radiance  Pois           0%         N/A       100%        4
 Sticky Flame             Conj/Fire      0%         2d3       100%        4
 Alistair's Intoxication  Tmut/Pois      0%         N/A       100%        5
 Borgnjor's Vile Clutch   Necr/Erth      0%         N/A       100%        5
 Eringya's Noxious Bog    Tmut/Pois      0%         N/A       100%        6
 Discord                  Hex            0%         N/A       100%        8
 Ignition                 Fire           0%         3d3       100%        8
 Lehudib's Crystal Spear  Conj/Erth      0%         10d2      100%        8
 Animate Armour           Summ/Erth      Unusable   N/A       N/A         4

Dungeon Overview and Level Annotations

Branches:
Dungeon (11/15)            Temple (0/1) D:4            Lair (5/5) D:10
 Shoals (0/4) Lair:2       Spider (0/4) Lair:3        Slime (0/5) Lair:4
  Sewer (visited)
    Orc: D:9-12

Altars:
Ashenzari
Cheibriados
Elyvilon
Fedhas
Hepliaklqana
Kikubaaqudgha
Makhleb
Okawaru
Trog
Uskayaw
Vehumet
Xom
Yredelemnul
The Shining One
Jiyva
Lugonu

Shops:
D:1 [   D:2 *

Portals:
Abyss: Lair:5

Annotations:
D:10 1 runed translucent door
Lair:1 3 runed translucent doors, Wezo's ghost, journeyman GnDe


Innate Abilities, Weirdness & Mutations

You have a pair of horns on your head.
You reflexively headbutt those who attack you in melee.


Message History

A jelly comes into view.
You slash the jelly!
Your hands burn!
You headbutt the jelly!
You kill the jelly!
Okawaru accepts your kill.
z - a wand of iceblast (13) (gained 4 charges)
Found 23 gold pieces.
HP restored.
Found a scroll of identify.
You now have 685 gold pieces (gained 23).
P - a scroll of identify
There is a collapsed entrance here.
Okay, then.
An acid blob comes into view.
The acid blob quivers.
The acid blob spits acid at you. The splash of acid hits you.
The acid corrodes you!
You slash the acid blob! The acid corrodes you!
Your hands burn!
The acid blob is lightly wounded.
The acid blob hits you!
You are splashed with acid!
The acid blob hits you but does no damage.
You barely miss the acid blob.
The acid blob is lightly wounded.
The acid blob spits acid at you. The splash of acid hits you!
You slash the acid blob! The acid corrodes you!
Your hands burn!
The acid blob is moderately wounded.
The acid blob hits you!! The acid corrodes you!
You are splashed with acid!
You slice the acid blob!!
Lightning courses through the acid blob!
The acid corrodes you!
Your hands burn!
You headbutt the acid blob!
The acid blob is severely wounded.
The acid blob spits acid at you. The splash of acid hits you!!
* * * LOW HITPOINT WARNING * * *
You slash the acid blob!
Your hands burn!
* * * LOW HITPOINT WARNING * * *
The acid blob is almost dead.
The acid blob spits acid at you. The splash of acid hits you!
You die...

#...# ##..... ##..# #.....#
### #...## .....# ##.#
####...### #..##
###.####.#......######...#
##P#...#.#................#
##..........................
#...........J......#........
####P....#.@#........##.....
##...#####...#######....#
#...# #....# #....# #...#
##...# ##†.## #...# #..#.
..... ##.## .J.... .....##
#≈# ....... .... §§§
........ ##≈§#


You could see an acid blob.

Vanquished Creatures
  An acid blob (Lair:5)
  Gastronok (Lair:2)
  A rockslime (Lair:5)
  An azure jelly (Lair:5)
  A quicksilver ooze (Lair:5)
  A great orb of eyes (Lair:5)
  4 hydras
  A boulder beetle (Lair:4)
  A catoblepas (Lair:1)
  2 two-headed ogres
  Erica (D:8)
  3 thrashing horrors (Lair:5)
  Nergalle (Lair:2)
  Sonja (Lair:1)
  A skyshark (Lair:5)
  Pikel (D:6)
  A deep elf pyromancer (D:10)
  3 ugly things (Lair:5)
  4 black mambas
  7 elephants
  Maurice (D:9)
  A smoke demon (Lair:5)
  A torpor snail (Lair:4)
  9 cane toads
  Maggie (D:10)
  5 rime drakes
  11 komodo dragons
  A polar bear (Lair:5)
  An ancient zyme (Lair:5)
  Prince Ribbit (D:5)
  2 trolls
  Grinder (D:3)
  A hornet (D:8)
  27 blink frogs
  A jumping spider (Lair:3)
  5 dream sheep (Lair:3)
  7 slime creatures (Lair:5)
  A wraith (D:10)
  2 large abominations (Lair:5)
  A spriggan (Lair:5)
  3 ynoxinuls (Lair:5)
  4 wyverns
  53 yaks
  Grum (D:8)
  8 basilisks
  2 chaos spawn (Lair:5)
  A steam dragon (D:6)
  An acid dragon (D:8)
  Duvessa (D:6)
  11 water moccasins
  2 orc warriors (D:10)
  An ice beast (D:7)
  3 sky beasts
  12 wolves
  9 centaurs
  3 phantoms
  A kobold brigand (D:10)
  A gnoll sergeant (D:7)
  A necrophage (Sewer)
  15 bullfrogs
  A scorpion (Lair:3)
  9 wights
  Dowan (D:6)
  3 vampire bats (D:10)
  A lava snake (Lair:1)
  2 howler monkeys
  11 jellies
  8 orc priests
  Crazy Yiuf (D:2)
  4 iguanas (D:5)
  Jessica (D:2)
  Terence (D:2)
  Natasha (thrice) (D:3)
  7 orc wizards
  Ijyb (D:4)
  12 hell rats
  10 small abominations (Lair:5)
  5 gnolls (D:7)
  10 adders
  3 shadow imps (Sewer)
  A white imp (D:7)
  7 ufetubi
  3 worms
  4 dart slugs
  28 orcs
  9 ball pythons
  3 bats
  5 bat skeletons (D:10)
  A bat zombie (D:10)
  9 endoplasms
  7 giant cockroaches
  12 goblins
  13 hobgoblins
  8 jackals
  28 kobolds
  3 quokkas
  2 frilled lizards
  2 kobold zombies (Sewer)
  4 rats
  A spectral hobgoblin (D:10)
  A butterfly (Lair:4)
495 creatures vanquished.

Notes
Turn   | Place    | Note
-------+----------+-------------------------------------------
     0 | D:1      | booth the Minotaur Fighter began the quest for the Orb.
     0 | D:1      | Reached XP level 1. HP: 19/19 MP: 0/0
    37 | D:1      | Found Cehytefu's Antique Armour Boutique.
    85 | D:1      | Found a faded altar of an unknown god.
   100 | D:1      | Prayed at the altar of an unknown god.
   100 | D:1      | Became a worshipper of Warmaster Okawaru
   100 | D:1      | Reached * piety under Okawaru
   193 | D:1      | Reached XP level 2. HP: 26/27 MP: 1/1
   345 | D:1      | Reached skill level 3 in Axes
   752 | D:2      | Reached XP level 3. HP: 33/33 MP: 2/2
   843 | D:2      | Found a broken altar of Ashenzari.
   858 | D:2      | Reached skill level 1 in Invocations
   911 | D:2      | Noticed Terence
   923 | D:2      | Killed Terence
   924 | D:2      | Reached skill level 4 in Axes
   924 | D:2      | Reached XP level 4. HP: 9/40 MP: 0/3
  1166 | D:2      | Found Acamy's Assorted Antiques.
  1358 | D:2      | Found a runed translucent door.
  1359 | D:2      | Noticed Crazy Yiuf
  1513 | D:2      | Noticed Jessica
  1520 | D:2      | Killed Jessica
  2003 | D:2      | Killed Crazy Yiuf
  2004 | D:2      | Reached XP level 5. HP: 39/47 MP: 2/5
  2156 | D:3      | Noticed Grinder
  2183 | D:3      | Noticed Natasha
  2194 | D:3      | Killed Natasha
  2195 | D:3      | Reached skill level 5 in Axes
  2236 | D:3      | Found a glowing drain.
  2252 | Sewer    | Entered a sewer
  2432 | Sewer    | Reached skill level 5 in Fighting
  2467 | Sewer    | Reached XP level 6. HP: 45/56 MP: 3/6
  2474 | Sewer    | Reached skill level 6 in Axes
  2514 | Sewer    | Found an ancient bone altar of Kikubaaqudgha.
  2765 | D:3      | Noticed Natasha
  2770 | D:3      | Killed Natasha
  2890 | D:2      | Bought a scroll of identify for 54 gold pieces
  2957 | D:3      | Killed Grinder
  2957 | D:3      | Reached ** piety under Okawaru
  2958 | D:3      | Reached skill level 7 in Axes
  2958 | D:3      | Reached XP level 7. HP: 62/62 MP: 5/8
  2968 | D:3      | Found a shimmering altar of Xom.
  3066 | D:3      | Noticed Natasha
  3070 | D:3      | Killed Natasha
  3162 | D:3      | Identified the +9 mace of Watchfulness {flame, rElec Str+2}
  3352 | D:4      | Found a blossoming altar of Fedhas.
  3374 | D:4      | Found a white marble altar of Elyvilon.
  3417 | D:4      | Noticed Ijyb
  3427 | D:4      | Killed Ijyb
  3439 | D:4      | Found a glowing golden altar of the Shining One.
  3497 | D:4      | Found a staircase to the Ecumenical Temple.
  4026 | D:5      | Entered Level 5 of the Dungeon
  4262 | D:5      | Reached skill level 8 in Axes
  4319 | D:5      | Reached XP level 8. HP: 71/71 MP: 10/10
  4370 | D:5      | You fall into a shaft and drop 1 floor!
  4372 | D:6      | Found an iron altar of Okawaru.
  4545 | D:5      | Noticed Prince Ribbit
  4573 | D:5      | Killed Prince Ribbit
  4803 | D:5      | Identified a scroll of acquirement
  4803 | D:5      | Acquired the +1 pair of boots of Ramavah {Will+ Dex+3
                  | Stlth+}
  4925 | D:6      | Reached skill level 9 in Axes
  5010 | D:6      | Reached skill level 5 in Invocations
  5059 | D:6      | Noticed Pikel
  5071 | D:6      | Killed Pikel
  5072 | D:6      | Reached skill level 10 in Axes
  5072 | D:6      | Reached XP level 9. HP: 76/81 MP: 8/12
  5232 | D:6      | Found a burning altar of Makhleb.
  5232 | D:6      | Noticed a blizzard demon
  5237 | D:6      | Noticed a smoke demon
  5237 | D:6      | Noticed a hellwing
  5261 | D:6      | Noticed Dowan
  5262 | D:6      | Noticed Duvessa
  5268 | D:6      | Killed Dowan
  5270 | D:6      | Killed Duvessa
  5271 | D:6      | Reached skill level 1 in Throwing
  6173 | D:7      | Reached skill level 5 in Armour
  6416 | D:1      | Bought a pair of runed gloves for 202 gold pieces
  6637 | D:8      | Noticed a troll
  6656 | D:8      | Killed a troll
  6656 | D:8      | Reached *** piety under Okawaru
  6657 | D:8      | Reached skill level 11 in Axes
  6804 | D:8      | Found a hide-covered altar of Uskayaw.
  6843 | D:8      | Noticed a two-headed ogre
  6854 | D:8      | Killed a two-headed ogre
  6854 | D:8      | Reached **** piety under Okawaru
  6855 | D:8      | Reached XP level 10. HP: 91/91 MP: 10/14
  7234 | D:8      | Noticed Erica
  7245 | D:8      | Killed Erica
  7322 | D:8      | Noticed Grum
  7339 | D:8      | Killed Grum
  7672 | D:9      | Noticed Maurice
  7684 | D:9      | Killed Maurice
  7732 | D:9      | Identified the +0 pair of boots "Niorch" {rN+ Str+4}
  8009 | D:9      | Found a basalt altar of Yredelemnul.
  8049 | D:9      | Found a bloodstained altar of Trog.
  8067 | D:9      | Reached ***** piety under Okawaru
  8089 | D:9      | Acquired the ring of Lucidity {rF+ Will++ Str+6}
  8112 | D:9      | Reached skill level 10 in Fighting
  8172 | D:9      | Reached skill level 12 in Axes
  8491 | D:10     | Entered Level 10 of the Dungeon
  8522 | D:10     | Reached skill level 5 in Throwing
  8583 | D:10     | Found an ancient bone altar of Kikubaaqudgha.
  8694 | D:10     | Found a runed translucent door.
  8694 | D:10     | Noticed a deep elf pyromancer
  8696 | D:10     | Killed a deep elf pyromancer
  8697 | D:10     | Reached XP level 11. HP: 101/101 MP: 12/15
  8697 | D:10     | Noticed a wolf spider
  8721 | D:10     | Noticed Maggie
  8729 | D:10     | Killed Maggie
  8871 | D:10     | Noticed a two-headed ogre
  8882 | D:10     | Killed a two-headed ogre
  8908 | D:10     | Found a radiant altar of Vehumet.
  9036 | D:10     | Found a staircase to the Lair.
  9093 | D:10     | Found a hazy altar of Hepliaklqana.
  9151 | D:10     | Found a snail-covered altar of Cheibriados.
  9348 | Lair:1   | Entered Level 1 of the Lair of Beasts
  9394 | Lair:1   | Received a gift from Okawaru
  9439 | Lair:1   | Noticed a catoblepas
  9454 | Lair:1   | Killed a catoblepas
 10163 | Lair:1   | Noticed Sonja
 10241 | Lair:1   | Killed Sonja
 10242 | Lair:1   | Reached skill level 13 in Axes
 10252 | Lair:1   | Identified the scarf "Ehuucenn" {+Inv, rN+} (Okawaru gifted
                  | it to you on level 1 of the Lair of Beasts)
 10252 | Lair:1   | Received a gift from Okawaru
 10598 | Lair:1   | Found a runed translucent gate.
 10598 | Lair:1   | Found a runed translucent gate.
 10599 | Lair:1   | Found a runed translucent gate.
 10599 | Lair:1   | Noticed Wezo's ghost (journeyman GnDe)
 10601 | Lair:1   | Found a viscous altar of Jiyva.
 10668 | Lair:2   | Noticed Nergalle
 10677 | Lair:2   | Reached XP level 12. HP: 96/110 MP: 15/17
 10683 | Lair:2   | Killed Nergalle
 10691 | Lair:2   | Noticed Gastronok
 10722 | Lair:2   | Killed Gastronok
 10982 | Lair:2   | Noticed a seven-headed hydra
 10992 | Lair:2   | Killed a seven-headed hydra
 11092 | Lair:2   | Acquired a manual of Throwing
 11117 | Lair:2   | Reached skill level 10 in Armour
 11225 | Lair:2   | Found a staircase to the Shoals.
 11355 | Lair:2   | Identified the +1 robe "Goukh" {Contam rC- Regen+ SInv
                  | Archmagi}
 12081 | Lair:3   | Reached skill level 10 in Invocations
 12094 | Lair:3   | Reached skill level 14 in Axes
 12193 | Lair:3   | Noticed a seven-headed hydra
 12200 | Lair:3   | Killed a seven-headed hydra
 12245 | Lair:3   | Received a gift from Okawaru
 12484 | Lair:3   | Reached XP level 13. HP: 119/119 MP: 19/19
 12568 | Lair:3   | Found a hole to the Spider Nest.
 13110 | Lair:4   | Found a runed translucent door.
 13374 | Lair:4   | Reached ****** piety under Okawaru
 13375 | Lair:4   | Reached skill level 10 in Throwing
 13377 | Lair:4   | Received a gift from Okawaru
 13387 | Lair:4   | Identified the +7 battleaxe of Dozog {elec, rF+ Str+2}
                  | (Okawaru gifted it to you on level 4 of the Lair of Beasts)
 13387 | Lair:4   | Received a gift from Okawaru
 13751 | Lair:4   | Found a viscous altar of Jiyva.
 14016 | Lair:4   | Found a staircase to the Slime Pits.
 14052 | Lair:5   | Entered Level 5 of the Lair of Beasts
 14174 | Lair:5   | Received a gift from Okawaru
 14184 | Lair:5   | Reached skill level 15 in Axes
 14196 | Lair:5   | Identified the +0 robe of Birdsong {Regen+ Stlth+ Archmagi}
                  | (Okawaru gifted it to you on level 5 of the Lair of Beasts)
 14196 | Lair:5   | Received a gift from Okawaru
 14408 | Lair:5   | Reached XP level 14. HP: 80/132 MP: 21/21
 14589 | Lair:5   | Noticed a quicksilver ooze
 14596 | Lair:5   | Killed a quicksilver ooze
 14622 | Lair:5   | Noticed a rockslime
 14629 | Lair:5   | Killed a rockslime
 14639 | Lair:5   | Noticed an azure jelly
 14651 | Lair:5   | Killed an azure jelly
 14799 | Lair:5   | Found a corrupted altar of Lugonu.
 14799 | Lair:5   | Found a one-way gate to the infinite horrors of the Abyss.
 14958 | Lair:5   | Identified the +0 cloak "Ashargh" {Int+3} (Okawaru gifted
                  | it to you on level 5 of the Lair of Beasts)
 14958 | Lair:5   | Received a gift from Okawaru
 15400 | Lair:5   | Noticed an acid blob
 15409 | Lair:5   | Killed an acid blob
 15602 | Lair:5   | Noticed an acid blob
 15614 | Lair:5   | Killed from afar by an acid blob

Illustrated notes

Levels and vault maps discovered:
D:1:      beargit_arrival_greenhouse, layout_loops_ring,
          ebering_ecumenical_altar_petrified, serial_shops, shop,
          feat_on_display
D:2:      layout_basic, basic_altar, serial_shops, nicolae_shop_tiny_waterfront,
          minmay_tree_intersection, uniq_terence, uniq_jessica,
          uniq_crazy_yiuf_cottage
D:3:      layout_basic, mainiacjoe_overflow_alcove_1, portal_sewer_entry_d,
          uniq_grinder, uniq_natasha
D:4:      kennysheep_the_goblin_king, layout_gridville,
          mainiacjoe_overflow_tiny_flanked, mainiacjoe_overflow_paths,
          elyvilon_altar_4, minmay_temple_entry_hall, mrwooster_statue_mirror,
          uniq_ijyb
D:5:      layout_loops_cross, uniq_prince_ribbit1
D:6:      layout_rooms, okawaru_ov_weapons_minmay, makhleb_altar_promises_db,
          minmay_misc_feat_room, minmay_misc_feat_four_crosses, uniq_pikel,
          uniq_duvessa
D:7:      layout_rooms
D:8:      cheibrodos_quashed, layout_cave_pods,
          mainiacjoe_overflow_cross_hatched, minmay_misc_feat_rows, uniq_erica,
          uniq_grum
D:9:      layout_roguey, mainiacjoe_overflow_alcove_4, lemuel_crystal_altar,
          uniq_maurice
D:10:     layout_rooms, kennysheep_little_box, cheibrodos_worm_habitat,
          nicolae_hepliaklqana_monster_ancestors, kennysheep_vampire_church,
          david_lair_shrubbed, minivault_13, uniq_maggie
D:11:     layout_basic, nicolae_yredelemnul_corpse_copse
Lair:1:   layout_cave_pods, gammafunk_ghost_ooze, amcnicky_mini_pool_medium,
          uniq_sonja
Lair:2:   layout_small_grid, minmay_shoals_entry_centaurs, uniq_nergalle,
          uniq_gastronok
Lair:3:   layout_regular_city, spider_nest_entry_rubble,
          kennysheep_basilisk_garden, lemuel_fruit_fields,
          infiniplex_staircase_pool
Lair:4:   layout_concentric_octagons, slime_entry_2, grunt_megastairs_4,
          lemuel_fruit_fields
Lair:5:   hellmonk_lair_end_abyssal_woods, layout_small_grid,
          nicolae_volcano_entry_two_sided, special_room [special_room_jelly],
          serial_bayou_shore_b

Skill      XL: |  1  2  3  4  5  6  7  8  9 10 11 12 13 14 |
---------------+-------------------------------------------+-----
Axes           | 3 4 5 7 8 10 11 12 13 14 15 | 15.7
Fighting       | 4 5 6 7 9 10 11 12 14 | 14.4
Invocations    | 1 2 3 4 5 6 7 9 10 11 | 11.8
Armour         | 5 7 9 10 12 | 12.8
Throwing       | 3 5 6 9 11 12 | 12.4
Shields        | |  3.8

Action                     |  1- 3 |  4- 6 |  7- 9 | 10-12 | 13-15 || total
---------------------------+-------+-------+-------+-------+-------++-------
  Melee: War axe           |    65 |   143 |   191 |   343 |    72 ||   814
         Headbutt          |     6 |    15 |    39 |    75 |    66 ||   201
         Mace              |       |       |       |     8 |    23 ||    31
         Battleaxe         |       |       |       |       |   187 ||   187
  Throw: Dart              |       |       |    11 |    20 |       ||    31
         Boomerang         |       |       |       |     9 |    31 ||    40
         Javelin           |       |       |       |       |     1 ||     1
 Invoke: Heroism           |     1 |     5 |     9 |    10 |     1 ||    26
    Use: Scroll            |     5 |     3 |    11 |    14 |     2 ||    35
         Potion            |       |     1 |     3 |     2 |       ||     6
 Armour: Scale mail        |    13 |     4 |       |       |       ||    17
         Chain mail        |       |    59 |    65 |   154 |   150 ||   428
  Dodge: Dodged            |    21 |    41 |    45 |   108 |    81 ||   296
  Block: Buckler           |    31 |    74 |    47 |   149 |    25 ||   326
         Reflection        |     3 |    10 |     2 |    11 |       ||    26
         Other             |       |       |       |       |    53 ||    53
